 Dungeon Crawl Stone Soup version 0.31-a0-214-gb37851dbb3 (webtiles) character file.

Game seed: 10265437306884999339

90 qw the Shooter (level 4, -3/26 HPs)
             Began as a Gargoyle Hexslinger on July 1, 2023.
             Slain by a cerulean imp
             ... wielding a +1 spear
             ... summoned by Natasha
              (4 damage)
             ... on level 2 of the Dungeon.
             The game lasted 00:00:36 (1487 turns).

qw the Shooter (Gargoyle Hexslinger)                Turns: 1487, Time: 00:00:37

Health: -3/26      AC:  6    Str: 12    XL:     4   Next: 56%
Magic:  5/5        EV: 11    Int: 13    God:
Gold:   91         SH:  0    Dex: 14    Spells: 4/5 levels left

rFire   . . .        Y - +0 shortbow
rCold   . . .        (shield currently unavailable)
rNeg    + . .        a - +0 leather armour
rPois   inf          (no helmet)
rElec   +            (no cloak)
rCorr   .            (no gloves)
SInv    .            (no boots)
Will    .....        (no amulet)
Stlth   +            (no ring)
HPRegen 0.24/turn    (no ring)
MPRegen 0.09/turn

%: no passive effects
@: slowed, very slow
A: sickness immunity, AC +3, negative energy resistance 1, electricity
resistance, torment resistance 1, petrification resistance
a: no special abilities


You were on level 2 of the Dungeon.
You visited 1 branch of the dungeon, and saw 2 of its levels.

You collected 91 gold pieces.


Innate Abilities, Weirdness & Mutations

You are immune to sickness and miasma.
Your stone body is resilient. (AC +3)
You are immune to poison.
You resist negative energy. (rN+)
You are resistant to electric shocks. (rElec)
You are resistant to unholy torment.
You are immune to petrification.


   Skills:
 - Level 2.0 Fighting
 + Level 4.3 Ranged Weapons
 - Level 1.5 Dodging
 - Level 1.0 Spellcasting
 - Level 2.6 Hexes


You had 4 spell levels left.
You knew the following spells:

 Your Spells              Type           Power      Damage    Failure   Level
a - Slow                  Hex            28%        N/A       12%         1

Your spell library contained the following spells:

 Spells                   Type           Power      Damage    Failure   Level
 Inner Flame              Hex/Fire       4%         N/A       52%         3
 Portal Projectile        Hex/Tloc       8%         N/A       52%         3
 Cause Fear               Hex            3%         N/A       75%         4

Inventory:

Hand Weapons
 Y - a +0 shortbow (weapon)
Armour
 a - a +0 leather armour (worn)
 b - a +0 ring mail
 e - a +0 helmet
Scrolls
 c - a scroll of enchant armour
 i - 4 scrolls of identify
 j - a scroll of teleportation {unknown}
 l - a scroll of vulnerability {unknown}
Potions
 d - 2 potions of magic {unknown}
 f - 2 potions of enlightenment {unknown}
 g - a potion of berserk rage {unknown}
 h - 3 potions of heal wounds
 k - a potion of haste {unknown}

Dungeon Overview and Level Annotations

Branches:
Dungeon (2/15)

Altars:

Annotations:
D:2 1 runed translucent door, Crazy Yiuf, Natasha


Message History

You shoot an arrow. The arrow closely misses Natasha.
Natasha hisses angrily.
You shoot an arrow. The arrow misses Natasha.
Natasha casts a spell at you. The magic dart hits you.
You shoot an arrow. The arrow hits Natasha.
Natasha is lightly wounded.
You shoot an arrow. The arrow hits Natasha.
Natasha is moderately wounded.
Natasha mumbles some strange words.
You shoot an arrow. The arrow hits Natasha.
Natasha is heavily wounded.
Natasha stares at you and mumbles some strange words.
You feel yourself slow down. The cerulean imp barely misses you.
You shoot an arrow. The arrow hits Natasha.
Natasha is heavily wounded.
The cerulean imp barely misses you.
Natasha drinks a potion.
Natasha is healed!
The cerulean imp closely misses you.
You shoot an arrow.
The arrow hits Natasha but does no damage.
Natasha claws you.
The cerulean imp hits you but does no damage.
Natasha casts a spell at you.
You feel as though you will be slow longer.
You shoot an arrow. The arrow barely misses Natasha.
The cerulean imp hits you from afar with a +1 spear.
Natasha closely misses you.
The cerulean imp hits you from afar with a +1 spear.
You shoot an arrow. The arrow closely misses Natasha.
Natasha closely misses you.
The cerulean imp hits you from afar with a +1 spear.
Natasha claws you.
The cerulean imp hits you from afar with a +1 spear.
You shoot an arrow. The arrow hits Natasha.
Natasha is lightly wounded.
Natasha claws you.
The cerulean imp hits you but does no damage.
Natasha claws you.
The cerulean imp hits you from afar with a +1 spear.
You die...

#......####.........##.#...######
#......# ##.......###.##.##
#.###..# ##.....## #.###.##
#......#######...## #<##...##
#####.##8.8.8.#'## #.#.....##
#.##.....8#.# #........#
#.##......#.# ###.....##
#.##........## ##...##
#>##........@## ##.##
#.##.....85.h.########.#
#.##...................#
#..#_....#........###..#
##########.##.###).....# ####.#
#####.## #.# #.# #.. ..# ### ###


You could see Natasha and a cerulean imp (summoned).

Vanquished Creatures
  Natasha (D:2)
  Robin (D:2)
  An adder (D:2)
  2 dart slugs
  2 bats
  4 endoplasms (D:1)
  10 goblins
  8 hobgoblins
  3 ball pythons
  5 frilled lizards
  2 kobolds
  A rat (D:1)
40 creatures vanquished.

Notes
Turn   | Place    | Note
-------+----------+-------------------------------------------
     0 | D:1      | qw the Gargoyle Hexslinger began the quest for the Orb.
     0 | D:1      | Reached XP level 1. HP: 12/12 MP: 2/2
     0 | D:1      | 0 ||| qw: Version: 0.3-a-32-g5962c71
     0 | D:1      | 0 ||| qw: Game counter: 7467
     0 | D:1      | 0 ||| qw: Melee chars always use a shield: true
     0 | D:1      | 0 ||| qw: God list: Okawaru
     0 | D:1      | 0 ||| qw: Allow faded altars: false
     0 | D:1      | 0 ||| qw: Do Orc after clearing Dungeon:15 true
     0 | D:1      | 0 ||| qw: Do second Lair branch before Depths: true
     0 | D:1      | 0 ||| qw: Lair rune preference: random
     0 | D:1      | 0 ||| qw: Goals: Normal
     0 | D:1      | 0 ||| PLANNING D:1-11
   180 | D:1      | Reached XP level 2. HP: 16/16 MP: 3/3
   249 | D:1      | Reached skill level 3 in Ranged Weapons
   411 | D:1      | 411 ||| SWAPPING to +0 shortbow.
   416 | D:1      | 416 ||| DROPPING +1 sling.
   653 | D:1      | 653 ||| UPGRADING to +0 leather armour.
   663 | D:1      | 663 ||| DROPPING +0 robe.
   664 | D:1      | 664 ||| DROPPING ring of wizardry.
   665 | D:1      | 665 ||| READING scroll labelled QIHYISUPINK.
   676 | D:1      | 676 ||| READING scroll labelled BAINEU QOKIBB.
   677 | D:1      | 677 ||| READING 2 scrolls labelled SASMIC QYNIHI.
   678 | D:1      | 678 ||| READING scroll labelled AKHLUA JUGO.
   679 | D:1      | 679 ||| DRINKING 2 orange potions.
   680 | D:1      | 680 ||| DROPPING scroll of poison.
   729 | D:2      | Found a faded altar of an unknown god.
   971 | D:2      | Reached XP level 3. HP: 21/21 MP: 4/4
  1068 | D:2      | Noticed Robin
  1079 | D:2      | Killed Robin
  1109 | D:2      | 1109 ||| FLEEEEING.
  1110 | D:2      | 1110 ||| FLEEEEING.
  1112 | D:2      | 1112 ||| FLEEEEING.
  1113 | D:2      | 1113 ||| FLEEEEING.
  1114 | D:2      | 1114 ||| FLEEEEING.
  1115 | D:2      | 1115 ||| FLEEEEING.
  1116 | D:2      | 1116 ||| FLEEEEING.
  1117 | D:2      | 1117 ||| FLEEEEING.
  1119 | D:2      | 1119 ||| FLEEEEING.
  1120 | D:2      | 1120 ||| FLEEEEING.
  1121 | D:2      | 1121 ||| FLEEEEING.
  1122 | D:2      | 1122 ||| FLEEEEING.
  1123 | D:2      | 1123 ||| FLEEEEING.
  1124 | D:2      | 1124 ||| FLEEEEING.
  1125 | D:2      | 1125 ||| FLEEEEING.
  1126 | D:2      | 1126 ||| FLEEEEING.
  1274 | D:2      | Reached skill level 4 in Ranged Weapons
  1274 | D:2      | Reached XP level 4. HP: 23/26 MP: 5/5
  1318 | D:2      | Noticed Natasha
  1328 | D:2      | Killed Natasha
  1411 | D:2      | Found a runed translucent door.
  1412 | D:2      | Noticed Crazy Yiuf
  1477 | D:2      | Noticed Natasha
  1487 | D:2      | HP: 6/26 [Natasha (4)]
  1487 | D:2      | HP: 1/26 [Natasha (5)]
  1487 | D:2      | Slain by a cerulean imp

Levels and vault maps discovered:
D:1:      giann_wishing_wells, layout_basic
D:2:      layout_loops_corners, shapermc_ecumenical_altar_pompeii, uniq_natasha,
          uniq_robin, uniq_crazy_yiuf_cottage

Skill      XL: |  1  2  3 |
---------------+----------+-----
Ranged Weapons | 3 4 |  4.3
Fighting       | 2 |  2.0
Dodging        | |  1.5
Spellcasting   | |  1.0
Hexes          | |  2.6

Action                     |  1- 3 |  4- 6 || total
---------------------------+-------+-------++-------
   Fire: Sling             |    31 |       ||    31
         Shortbow          |    74 |    24 ||    98
    Use: Scroll            |     4 |       ||     4
         Potion            |     1 |       ||     1
 Armour: Robe              |     4 |       ||     4
         Leather armour    |    15 |     7 ||    22
  Dodge: Dodged            |    26 |     9 ||    35

Table legend:
 A = Non-vault XP
 B = Vault XP
 C = Vault XP percentage of total XP
 D = Non-vault monster count
 E = Vault monster count
 F = Vault count percentage of total count
                 A         B        C        D         E       F
            +---------+---------+-------+---------+---------+-------
      Total |      58 |      71 |  55.0 |      27 |      13 |  32.5
            +---------+---------+-------+---------+---------+-------
        D:1 |      28 |       0 |   0.0 |      15 |       0 |   0.0
        D:2 |      30 |      71 |  70.3 |      12 |      13 |  52.0
            +---------+---------+-------+---------+---------+-------
